 Dungeon Crawl Stone Soup version 0.22-a0-825-ga28c36f (webtiles) character file.

63 jjfam the Skirmisher (level 4, -3/40 HPs)
             Began as a Hill Orc Fighter on July 24, 2018.
             Killed from afar by Sigmund (7 damage)
             ... with a puff of flame
             ... on level 2 of the Dungeon.
             The game lasted 00:04:05 (1461 turns).

jjfam the Skirmisher (Hill Orc Fighter)             Turns: 1461, Time: 00:04:05

Health: -3/40      AC:  8    Str: 19    XL:     4   Next: 10%
Magic:  4/4        EV:  7    Int:  8    God:
Gold:   45         SH:  0    Dex: 10    Spells: 3/3 levels left

rFire    . . .     SeeInvis .   a - +0 war axe
rCold    . . .     Gourm    .   c - +0 shield
rNeg     . . .     Faith    .   b - +0 scale mail
rPois    .         Spirit   .   (no helmet)
rElec    .         Reflect  .   (no cloak)
rCorr    .         Harm     .   j - +0 pair of gloves
MR       .....                  (no boots)
Stlth    ..........             (no amulet)
HPRegen  0.13/turn              (no ring)
MPRegen  0.09/turn              (no ring)

@: confused
A: no striking features
a: no special abilities


You were on level 2 of the Dungeon.
You were not hungry.

You visited 1 branch of the dungeon, and saw 2 of its levels.

You collected 45 gold pieces.

Inventory:

Hand Weapons
 a - a +0 war axe (weapon)
Armour
 b - a +0 scale mail (worn)
 c - a +0 shield (worn)
 j - a +0 pair of gloves (worn)
Jewellery
 h - a cursed ring of attention {unknown}
Scrolls
 e - a scroll of enchant weapon {unknown}
Potions
 d - a potion of might
 g - a potion of berserk rage {unknown}
Comestibles
 f - 7 rations
 i - 5 chunks of flesh


   Skills:
 + Level 4.0 Fighting
 + Level 3.7 Axes
 + Level 3.7 Armour
 + Level 0.6 Dodging
 + Level 0.1 Stealth
 + Level 4.0 Shields


You had 3 spell levels left.
You didn't know any spells.
Your spell library was empty.

Dungeon Overview and Level Annotations

Branches:
Dungeon (2/15)

Altars:
Gozag
Sif Muna
Wu Jian
Zin

Annotations:
D:2 Sigmund


Message History

You slash something! You block something's attack.
You miss something. You miss something. Something hits you!
* * * LOW HITPOINT WARNING * * *
Your shield and scale mail prevent you from hitting something.
You hear some strange, mumbled words.
You are confused.
Something hits you but does no damage.
You bump into the rock wall.
You miss something. Something hits you but does no damage.
You bump into the rock wall.
Something hits you.
* * * LOW HITPOINT WARNING * * *
You bump into the silver wall.
Something hits you.
* * * LOW HITPOINT WARNING * * *
You completely miss something.
You bump into the rock wall.
You hear some strange, mumbled words.
A puff of flame appears from out of thin air!
The puff of flame hits you!
You die...

###.###.........####
#..#.##...###.#
#.#.####.)# #.#
#.### ##.# #..
#.#######.# ###.
#.##...##.# .#
#.#.._.#[.# #
#.#....#### #
#@'....# ####.##
#{#....# .......
#.#.._.# #.####
#.##...# ##..
#.###### #... #<#
...#... #.# #.....
#.# ...#...
#.....(.. .#.#...


There were no monsters in sight!

Vanquished Creatures
  3 adders (D:2)
  3 dart slugs
  A leopard gecko (D:2)
  A giant cockroach (D:1)
  5 goblins
  5 hobgoblins (D:2)
  6 bats
  3 frilled lizards (D:1)
  A kobold (D:1)
  6 rats
34 creatures vanquished.

Notes
Turn   | Place    | Note
-------+----------+-------------------------------------------
     0 | D:1      | jjfam the Hill Orc Fighter began the quest for the Orb.
     0 | D:1      | Reached XP level 1. HP: 19/19 MP: 1/1
   240 | D:1      | Reached XP level 2. HP: 25/27 MP: 2/2
   629 | D:2      | Reached XP level 3. HP: 17/33 MP: 3/3
  1101 | D:2      | Found an ornate altar of the Wu Jian Council.
  1230 | D:2      | Found a deep blue altar of Sif Muna.
  1314 | D:2      | Reached XP level 4. HP: 33/40 MP: 4/4
  1398 | D:2      | Found an opulent altar of Gozag.
  1399 | D:2      | Found a glowing silver altar of Zin.
  1421 | D:2      | Noticed Sigmund
  1461 | D:2      | Killed from afar by Sigmund

Vault maps used:
D:1:      minmay_arrival_widening_spiral_wide
D:2:      grunt_temple_overflow_gold_and_silver, old_standard_altar,
          lemuel_crystal_altar, uniq_crazy_yiuf_cottage, uniq_sigmund

Skill      XL: |  1  2  3 |
---------------+----------+-----
Axes           | 3 |  3.7
Fighting       | 4 |  4.0
Shields        | 4 |  4.0
Armour         | |  3.7
Dodging        | |  0.6
Stealth        | |  0.1

Action                   |  1- 3 |  4- 6 || total
-------------------------+-------+-------++-------
Melee: War axe           |   114 |    24 ||   138
  Eat: Chunk             |     2 |       ||     2
Armor: Scale mail        |    48 |    19 ||    67
Dodge: Dodged            |    38 |     9 ||    47
Block: Shield            |    56 |     6 ||    62

Table legend:
 A = Spawn XP
 B = Non-spawn XP
 C = Spawn XP percentage of total XP
 D = Spawn monster count
 E = Non-spawn monster count
 F = Spawn count percentage of total count
 G = Total turns spent on level
                    A         B        C        D         E        F      G
               +---------+---------+-------+---------+---------+-------+---------
         Total |       0 |      91 |   0.0 |       0 |      34 |   0.0 |  1461
               +---------+---------+-------+---------+---------+-------+---------
           D:1 |       0 |      23 |   0.0 |       0 |      14 |   0.0 |   615
           D:2 |       0 |      68 |   0.0 |       0 |      20 |   0.0 |   846
               +---------+---------+-------+---------+---------+-------+---------
